 Dungeon Crawl Stone Soup version 0.24-a0-434-gd57e52fea8 (webtiles) character file.

Game seed: 15936612270885798922

1071 MisterOstroum the Covert (level 8, -2/49 HPs)
             Began as a Vampire Assassin on June 16, 2019.
             Splashed by a jelly's acid (8 damage)
             ... on level 6 of the Dungeon.
             The game lasted 00:13:51 (5944 turns).

MisterOstroum the Covert (Vampire Assassin)         Turns: 5944, Time: 00:13:52

Health: -2/49      AC: -5    Str: 10    XL:     8   Next: 7%
Magic:  8/8        EV: 12    Int: 13    God:
Gold:   239        SH:  0    Dex: 18    Spells: 7/7 levels left

rFire    . . .     SeeInvis +   D - +0 long sword
rCold    + + .     Gourm    .   (no shield)
rNeg     + + +     Faith    .   b - +0 robe
rPois    ∞         Spirit   .   l - +0 helmet
rElec    .         Reflect  .   c - +0 cloak
rCorr    .         Harm     .   k - +1 pair of gloves
MR       .....                  A - +0 pair of boots
Stlth    +++++++...             (no amulet)
HPRegen  0.00/turn              o - ring of positive energy (curse)
MPRegen  0.11/turn              (no ring)

@: corroded, bloodless, regenerating quickly
A: no food, fangs 3, see invisible, unbreathing
a: Bat Form, Revivify


You were on level 6 of the Dungeon.
You were bloodless.

You visited 1 branch of the dungeon, and saw 6 of its levels.

You collected 239 gold pieces.

Inventory:

Hand Weapons
 a - a +2 dagger
 D - a +0 long sword (weapon)
 F - a +0 flail of protection
Missiles
 d - 33 poisoned darts (quivered)
 e - a curare-tipped dart
 i - 128 stones
 q - 8 boomerangs
 v - 8 silver boomerangs
 G - 6 atropa-tipped darts
Armour
 b - a +0 robe (worn)
 c - a +0 cloak (worn)
 k - a +1 pair of gloves (worn)
 l - a +0 helmet (worn)
 A - a +0 pair of boots (worn)
Magical Staves
 s - an uncursed staff of cold
Jewellery
 o - a cursed ring of positive energy (left hand)
 B - an uncursed ring of protection from fire {unknown}
 E - a cursed amulet of inaccuracy {unknown}
Wands
 t - a wand of random effects (9)
 I - a wand of scattershot (7)
Scrolls
 f - 2 scrolls of blinking {unknown}
 g - 3 scrolls of remove curse {unknown}
 h - 3 scrolls of teleportation {unknown}
 j - a scroll of fear {unknown}
 m - 2 scrolls of identify {unknown}
 u - a scroll of enchant armour {unknown}
 x - 2 scrolls of immolation {unknown}
 y - a scroll of noise {unknown}
 C - 2 scrolls of magic mapping {unknown}
 J - a scroll of holy word {unknown}
Potions
 n - 2 potions of agility {unknown}
 p - a potion of invisibility {unknown}
 r - a potion of lignification {unknown}
 w - 3 potions of curing {unknown}
 z - a potion of heal wounds {@q2 !q}
 H - 2 potions of ambrosia {unknown}


   Skills:
 - Level 5.0 Fighting
 + Level 6.3 Short Blades
 + Level 1.9 Throwing
 + Level 1.8 Dodging
 - Level 10.0 Stealth


You had 7 spell levels left.
You didn't know any spells.
Your spell library was empty.

Dungeon Overview and Level Annotations

Branches:
Dungeon (6/15)
 Temple: D:4-7

Altars:
Cheibriados
Ru

Annotations:
D:5 exclusion: downstairs


Innate Abilities, Weirdness & Mutations

You do not eat.
You do not regenerate when monsters are visible.
You are frail without blood (-20% HP).
You are immune to poison.
You have razor-sharp teeth.
You have supernaturally acute eyesight. (SInv)
You can survive without breathing.


Message History

No target in view!
You see here a jackal corpse.
HP restored.
Found a stone staircase leading down.
Your library has no spells.
New annotation for D:5 (include '!' for warning):
Okay, then.
G - 6 atropa-tipped darts
Found a leather armour.
H - 2 fizzy cyan potions
x - 2 scrolls labeled PAIRRU HOM ACSO (gained 1)
Found an escape hatch in the ceiling.
There is an escape hatch in the ceiling here.
A worm comes into view.
A worm is nearby!
The helpless worm fails to defend itself.
You stick the worm like a pincushion!!!!
You kill the worm!
Found a ration.
Found a stone staircase leading up.
You see here a ration.
You see here a ration.
You now have 239 gold pieces (gained 13).
You enter the shallow water.
Moving in this stuff is going to be slow.
There is a stone staircase leading up here.
You see here a ration.
Done exploring.
Done exploring.
Done exploring.
(D) Dungeon
Where to? (Enter - D:5, ? - help)
You see here a ration.
There is a stone staircase leading down here.
You climb downwards.
An orc warrior, 2 orc priests and an orc wizard come into view.
The orc warrior shouts!
You hear a shout!
The orc wizard shouts!
Found a scale mail and a ring mail.
There is a stone staircase leading up here.
The orc priest shouts!
You climb upwards.
There is a stone staircase leading down here.
There is a stone staircase leading down here.
You climb downwards.
Found a scroll labeled DOFOOV KIZIS and a crooked brass wand.
There is a stone staircase leading up here.
I - a wand of scattershot (7)
J - a scroll labeled DOFOOV KIZIS A jelly comes into view.
The jelly quivers.
The jelly barely misses you.
Found 7 gold pieces.
You hit the jelly but do no damage.
Your hands burn!
The jelly hits you but does no damage.
You barely miss the jelly. You hit the jelly.
Your hands burn!
The jelly is lightly wounded.
The jelly hits you but does no damage.
You hit the jelly. The acid corrodes you!
Your hands burn!
The jelly is moderately wounded.
The jelly barely misses you.
You hit the jelly but do no damage.
Your hands burn!
You bite the jelly, but do no damage.
The jelly is moderately wounded.
You hit the jelly but do no damage.
Your hands burn!
The jelly is moderately wounded.
The jelly closely misses you.
You hit the jelly.
Your hands burn!
The jelly is heavily wounded.
The jelly barely misses you.
Wield which item (- for none, * to show all)? (? for menu, Esc to quit)
Okay, then.
Wield which item (- for none, * to show all)? (? for menu, Esc to quit)
Your +0 flail of protection hums with potential!
F - a +0 flail of protection (weapon)
You hit the jelly but do no damage.
Your weapon exudes an aura of protection.
Your hands burn!
The jelly is heavily wounded.
The jelly closely misses you. The jelly hits you but does no damage.
You hit the jelly. The acid corrodes you!
Your hands burn!
You bite the jelly, but do no damage.
The jelly is heavily wounded.
The jelly hits you but does no damage.
Wield which item (- for none, * to show all)? (? for menu, Esc to quit)
Okay, then.
Wield which item (- for none, * to show all)? (? for menu, Esc to quit)
That's the wrong kind of item! (Use * to select it.) Wield which item (- for none, * to show all)? (? for menu, Esc to quit)
Your +0 flail of protection goes still.
D - a +0 long sword (weapon)
The jelly hits you. The acid corrodes you!
You are splashed with acid!
* * * LOW HITPOINT WARNING * * *
You hit the jelly.
Your hands burn!
* * * LOW HITPOINT WARNING * * *
The jelly is severely wounded.
The jelly hits you.
* * * LOW HITPOINT WARNING * * *
You are splashed with acid!
You die...

#.$.......
######.........
...............
...............
...............
...............
.......J.......
.......@.......
##.###.........
##.###.........
#.......#.#...#
#.......#.# #.#
#.......#.# #
#.......# #
#.<.....#
#.......#


You could see a jelly.

Vanquished Creatures
  Menkaure (D:5)
  An ice beast (D:5)
  An eye of draining (D:4)
  An ogre (D:3)
  A scorpion (D:5)
  A howler monkey (D:4)
  A crimson imp (D:5)
  A quasit (D:4)
  A centaur skeleton (D:4)
  A hound (D:4)
  An orc priest (D:3)
  3 iguanas
  2 worker ants
  Natasha (thrice) (D:2)
  An orc wizard (D:3)
  A worker ant zombie (D:4)
  8 gnolls
  3 adders
  A shadow imp (D:5)
  2 oozes
  4 worms
  A dart slug (D:1)
  3 leopard geckos
  8 orcs
  7 giant cockroaches
  8 goblins
  7 hobgoblins
  7 jackals
  2 quokkas
  A ball python (D:1)
  7 bats
  2 frilled lizards (D:3)
  5 kobolds
  A quokka zombie (D:5)
  8 rats
106 creatures vanquished.

Notes
Turn   | Place    | Note
-------+----------+-------------------------------------------
     0 | D:1      | MisterOstroum the Vampire Assassin began the quest for the
                  | Orb.
     0 | D:1      | Reached XP level 1. HP: 16/16 MP: 1/1
   141 | D:1      | Reached skill level 6 in Stealth
   146 | D:1      | Reached XP level 2. HP: 17/17 MP: 2/2
   555 | D:1      | Reached XP level 3. HP: 22/22 MP: 3/3
   988 | D:2      | Noticed Natasha
   996 | D:2      | Killed Natasha
  1038 | D:2      | Noticed Natasha
  1249 | D:2      | Reached XP level 4. HP: 28/28 MP: 4/4
  1475 | D:2      | Killed Natasha
  1546 | D:2      | Noticed Natasha
  1559 | D:2      | Killed Natasha
  2187 | D:3      | Reached XP level 5. HP: 28/28 MP: 5/5
  2243 | D:3      | Reached skill level 7 in Stealth
  2925 | D:3      | Noticed an ogre
  2928 | D:3      | Killed an ogre
  2928 | D:3      | Reached XP level 6. HP: 34/34 MP: 6/6
  4116 | D:4      | You fall into a shaft and drop 1 floor!
  4116 | D:5      | Entered Level 5 of the Dungeon
  4119 | D:5      | Found a snail-covered altar of Cheibriados.
  4175 | D:5      | Noticed Menkaure
  4184 | D:5      | Found a sacrificial altar of Ru.
  4188 | D:5      | Killed Menkaure
  4188 | D:5      | Reached skill level 5 in Fighting
  4188 | D:5      | Reached skill level 8 in Stealth
  4189 | D:5      | Noticed an ice beast
  4233 | D:5      | Killed an ice beast
  4233 | D:5      | Reached XP level 7. HP: 44/44 MP: 7/7
  4297 | D:5      | Reached skill level 5 in Short Blades
  4524 | D:4      | Reached skill level 9 in Stealth
  5089 | D:4      | Reached skill level 10 in Stealth
  5452 | D:5      | Reached XP level 8. HP: 49/49 MP: 8/8
  5944 | D:6      | Splashed by a jelly's acid

Levels and vault maps discovered:
D:1:      eino_arrival_tree_alley, layout_loops_ring
D:2:      layout_basic, uniq_natasha
D:3:      layout_loops_ring
D:4:      layout_loops_ring
D:5:      layout_loops_ring, lemuel_doored_altar, first_ration, basic_altar,
          minivault_4, uniq_menkaure
D:6:      layout_rooms, chequers_temple_overflow_statue_of_worship,
          minmay_temple_entry_proselytizer

Skill      XL: |  1  2  3  4  5  6  7 |
---------------+----------------------+-----
Fighting       | 2 3 4 5 |  5.0
Stealth        | 6 7 8 10 | 10.0
Short Blades   | 3 4 6 |  6.3
Throwing       | |  1.9
Dodging        | |  1.8

Action                   |  1- 3 |  4- 6 |  7- 9 || total
-------------------------+-------+-------+-------++-------
Melee: Dagger            |    70 |   141 |   131 ||   342
       Bite              |     6 |    13 |    20 ||    39
       Long sword        |       |     2 |     9 ||    11
       Flail             |       |       |     2 ||     2
Throw: Dart              |     1 |    48 |     8 ||    57
       Stone             |       |       |     1 ||     1
 Abil: Exsanguinate      |     1 |     1 |       ||     2
       Revivify          |       |     1 |       ||     1
  Use: Potion            |       |     1 |       ||     1
 Stab: Sleeping          |    14 |    16 |    12 ||    42
       Distracted        |       |     1 |     1 ||     2
Armor: Robe              |    19 |    30 |    24 ||    73
Dodge: Dodged            |    41 |    70 |    53 ||   164
       Rpst.: Long sword |       |     1 |     3 ||     4

Table legend:
 A = Non-vault XP
 B = Vault XP
 C = Vault XP percentage of total XP
 D = Non-vault monster count
 E = Vault monster count
 F = Vault count percentage of total count
                 A         B        C        D         E       F
            +---------+---------+-------+---------+---------+-------
      Total |    1326 |     204 |  13.3 |     104 |       2 |   1.9
            +---------+---------+-------+---------+---------+-------
        D:1 |      48 |       0 |   0.0 |      23 |       0 |   0.0
        D:2 |     112 |      35 |  23.8 |      21 |       1 |   4.5
        D:3 |     373 |       0 |   0.0 |      32 |       0 |   0.0
        D:4 |     454 |       0 |   0.0 |      14 |       0 |   0.0
        D:5 |     339 |     169 |  33.3 |      14 |       1 |   6.7
            +---------+---------+-------+---------+---------+-------
